 Dungeon Crawl Stone Soup version 0.23-b1-6-ga921848b48 (webtiles) character file.

Game seed: 4069855970563710903

7261 Peloso the Carver (level 10, -20/88 HPs)
             Began as a Minotaur Fighter on Feb 2, 2019.
             Was a High Priest of Okawaru.
             Demolished by a red ugly thing (33 damage)
             ... on level 8 of the Dungeon.
             The game lasted 00:18:30 (9382 turns).

Peloso the Carver (Minotaur Fighter)                Turns: 9382, Time: 00:18:31

Health: -20/88     AC: 17    Str: 29    XL:     10   Next: 89%
Magic:  0/0        EV:  9    Int:  5    God:    Okawaru [*****.]
Gold:   342        SH: 13    Dex: 15    Spells: 9/9 levels left

rFire    x . .     SeeInvis .   a - +4 falchion (slice)
rCold    . . .     Gourm    .   c - +0 shield
rNeg     . . .     Faith    .   K - +0 plate armour
rPois    +         Spirit   +   (helmet restricted)
rElec    .         Reflect  .   x - +0 cloak
rCorr    +         Harm     .   (no gloves)
MR       .....                  H - +0 pair of boots of Death Resistance {rPois rF- rCorr MP-9}
Stlth    ..........             C - amulet of guardian spirit
HPRegen  0.24/turn              h - +2 ring of strength
MPRegen  0.07/turn              z - +3 ring of dexterity

@: mighty, hasted, very quick
A: retaliatory headbutt, horns 2
a: Heroism, Finesse, Renounce Religion


You were on level 8 of the Dungeon.
You worshipped Okawaru.
Okawaru was extremely pleased with you.
You were not hungry.

You visited 1 branch of the dungeon, and saw 10 of its levels.

You collected 492 gold pieces.
You spent 150 gold pieces at shops.

Inventory:

Hand Weapons
 a - a +4 falchion of slicing (weapon)
 I - the +7 flail "Undertaker" {crush, Str+2}
   (You found it on level 7 of the Dungeon)

   It inflicts extra damage upon your enemies.
   It affects your strength (+2).
Armour
 b - a +0 scale mail
 c - a +0 shield (worn)
 i - a +0 chain mail
 x - a +0 cloak (worn)
 D - a +0 plate armour
 H - the +0 pair of boots of Death Resistance (worn) {rPois rF- rCorr MP-9}
   (Okawaru gifted it to you on level 9 of the Dungeon)

   It makes you vulnerable to fire.
   It protects you from poison.
   It affects your magic capacity (-9).
   It provides partial protection from all sources of acid and corrosion.
 K - a +0 plate armour (worn)
Jewellery
 h - a +2 ring of strength (left hand)
 v - an uncursed ring of see invisible
 z - a +3 ring of dexterity (right hand)
 C - an amulet of guardian spirit (around neck)
Wands
 l - a wand of flame (18)
 s - a wand of digging (5)
 y - a wand of scattershot (8)
 M - a wand of acid (9)
 N - a wand of random effects (20)
Scrolls
 e - 4 scrolls of enchant armour {unknown}
 g - 7 scrolls of remove curse
 j - a scroll of identify
 k - 8 scrolls of teleportation
 q - 3 scrolls of noise {unknown}
 r - a scroll of amnesia {unknown}
 t - 2 scrolls of immolation {unknown}
 u - a scroll of random uselessness {unknown}
 E - 4 scrolls of blinking {unknown}
 G - a scroll of fog {unknown}
Potions
 d - a potion of might
 o - 4 potions of agility {unknown}
 p - 2 potions of magic {unknown}
 w - a potion of ambrosia
 A - 3 potions of heal wounds {unknown}
 B - 2 potions of mutation {unknown}
 F - a potion of flight
 J - a potion of curing {unknown}
 O - a potion of cancellation {unknown}
Comestibles
 f - 17 rations


   Skills:
 + Level 8.0 Fighting
 + Level 11.5 Long Blades
 + Level 10.8 Armour
 + Level 2.9 Dodging
 + Level 1.0 Stealth
 + Level 10.6 Shields


You had 9 spell levels left.
You didn't know any spells.
Your spell library contained the following spells:

 Spells                   Type           Power        Failure   Level  Hunger
 Beastly Appendage        Tmut           #.....       100%        1    ##.....
 Magic Dart               Conj           #...         100%        1    ##.....
 Blink                    Tloc           N/A          100%        2    ###....
 Call Imp                 Summ           #.......     100%        2    ###....
 Searing Ray              Conj           #.....       100%        2    ###....
 Slow                     Hex            #.......     100%        2    ###....
 Sticks to Snakes         Tmut           #.......     100%        2    ###....
 Conjure Flame            Conj/Fire      #.......     100%        3    ####...
 Dazzling Spray           Conj/Hex       #.....       100%        3    ####...
 Mephitic Cloud           Conj/Pois/Air  #.......     100%        3    ####...
 Spider Form              Tmut/Pois      #.........   100%        3    ####...
 Force Lance              Conj/Tloc      #.......     100%        4    #####..
 Fulminant Prism          Conj/Hex       #.........   100%        4    #####..
 Ice Form                 Ice/Tmut       #.......     100%        4    #####..
 Iskenderun's Mystic Bla  Conj           #.......     100%        4    #####..
 Blade Hands              Tmut           #.........   100%        5    ######.


Dungeon Overview and Level Annotations

Branches:
Dungeon (10/15)            Temple (0/1) D:7
   Lair: D:8-11         Orc: D:9-12

Altars:
Nemelex Xobeh
Okawaru
Yredelemnul
Zin
Lugonu

Shops:
D:4 *

Annotations:
D:8 1 transporter
D:10 1 runed translucent door


Innate Abilities, Weirdness & Mutations

You reflexively headbutt those who attack you in melee.
You have a pair of horns on your head.


Message History

The red ugly thing tentacle-slaps you.
You are engulfed in flames!!
The fire burns you terribly!
You block the small abomination's attack.
Unknown command.
You slash the cyan ugly thing!
Your headbutt misses the cyan ugly thing.
The cyan ugly thing is moderately wounded.
The ancient zyme hits you but does no damage.
You block the ancient zyme's attack.
The brown ugly thing engulfs you but does no damage.
Unknown command.
You slash the cyan ugly thing! You headbutt the cyan ugly thing!
The cyan ugly thing is severely wounded.
The cyan ugly thing claws you! The cyan ugly thing shocks you!
The small abomination hits you!
* * * LOW HITPOINT WARNING * * *
The red ugly thing tentacle-slaps you!
* * * LOW HITPOINT WARNING * * *
You are engulfed in flames!!
The fire burns you terribly!
You die...

#.#####.#####...<.########.##....
!!......##..###(###).# #.###...
#.#####.#?[####.###... #.#.....
#.# #.#.#..##.##..#.####.###...
#.#####.###...###...###.##.# #...
.........###.......###..##.# #...
...........##.....##....##.# #..#
#.####.....©#©.xuu#©....##.###...
#.# #.....##...@x##.............
#.# #...###....xuu###..........#
#.####..###...###xx.###..........
........#[...## ##h...#........#.
........#..### ##..©#..........
........##.. ###..##.........#
.).###..####### #.####...........
..<[.[........# #.#..............
..)##.....###.###.#.....######...


You could see 4 ugly things, an ancient zyme, a raiju and 4 small abominations.

Vanquished Creatures
  Harold (D:8)
  An unseen horror (D:7)
  An ugly thing (D:9)
  Psyche (D:8)
  A queen bee (D:9)
  A meliai zombie (D:10)
  2 hippogriffs
  Sigmund (D:4)
  Menkaure (D:6)
  An orc warrior (D:7)
  An ice beast (D:5)
  A hornet zombie (D:9)
  5 sky beasts
  A black bear (D:9)
  2 phantoms
  5 centaurs
  3 ogres
  A big kobold (D:7)
  3 bullfrogs
  A gnoll sergeant (D:8)
  A water moccasin skeleton (D:6)
  2 scorpions
  19 killer bees (D:9)
  2 howler monkeys (D:9)
  4 wights (D:8)
  2 crimson imps
  A bullfrog zombie (D:10)
  2 jellies
  A quasit (D:7)
  4 bullfrog skeletons
  3 hounds
  A gnoll shaman (D:6)
  3 iguanas
  6 worker ants
  6 orc wizards
  A small abomination (D:8)
  A hound zombie (D:7)
  Robin (D:4)
  8 gnolls
  4 adders
  5 shadow imps
  2 oozes
  3 adder skeletons
  5 leopard geckos
  17 orcs
  5 giant cockroaches
  12 goblins
  13 hobgoblins
  7 jackals
  5 quokkas
  A ball python (D:1)
  8 bats
  9 frilled lizards
  2 jackal skeletons
  18 kobolds
  A quokka zombie (D:5)
  8 rats
227 creatures vanquished.

Notes
Turn   | Place    | Note
-------+----------+-------------------------------------------
     0 | D:1      | Peloso the Minotaur Fighter began the quest for the Orb.
     0 | D:1      | Reached XP level 1. HP: 19/19 MP: 0/0
    93 | D:1      | Reached XP level 2. HP: 26/27 MP: 1/1
   595 | D:2      | Reached XP level 3. HP: 33/33 MP: 2/2
  1323 | D:2      | Found a sparkling altar of Nemelex Xobeh.
  1325 | D:2      | Found a glowing silver altar of Zin.
  1325 | D:2      | Found a basalt altar of Yredelemnul.
  1444 | D:2      | Found an iron altar of Okawaru.
  1639 | D:2      | Became a worshipper of Warmaster Okawaru
  1744 | D:2      | Found a faded altar of an unknown god.
  2213 | D:3      | Reached XP level 4. HP: 40/40 MP: 3/3
  2215 | D:3      | Reached skill level 3 in Long Blades
  3130 | D:4      | Noticed an ogre
  3142 | D:4      | Killed an ogre
  3142 | D:4      | Reached * piety under Okawaru
  3142 | D:4      | Reached skill level 4 in Long Blades
  3142 | D:4      | Reached skill level 5 in Shields
  3142 | D:4      | Reached XP level 5. HP: 30/46 MP: 4/4
  3148 | D:4      | Found Xoupoj's Assorted Antiques.
  3162 | D:4      | Bought a runed falchion for 150 gold pieces
  3204 | D:4      | Reached skill level 5 in Armour
  3204 | D:4      | Reached skill level 1 in Dodging
  3214 | D:4      | Reached XP level 6. HP: 46/53 MP: 5/5
  3286 | D:4      | Reached skill level 5 in Long Blades
  3343 | D:4      | Noticed Robin
  3359 | D:4      | Killed Robin
  3359 | D:4      | Reached ** piety under Okawaru
  3515 | D:4      | Reached XP level 7. HP: 60/60 MP: 6/6
  3750 | D:4      | Noticed Sigmund
  3763 | D:4      | Killed Sigmund
  3892 | D:5      | Entered Level 5 of the Dungeon
  3987 | D:5      | Reached skill level 6 in Long Blades
  4357 | D:6      | Reached skill level 7 in Long Blades
  4357 | D:6      | Reached XP level 8. HP: 12/67 MP: 7/7
  4360 | D:6      | Reached skill level 5 in Fighting
  4733 | D:6      | Reached *** piety under Okawaru
  4783 | D:6      | Noticed Menkaure
  4789 | D:6      | Killed Menkaure
  4842 | D:6      | Reached skill level 8 in Long Blades
  5198 | D:7      | Reached **** piety under Okawaru
  5226 | D:7      | Got a shimmering flail
  5227 | D:7      | Identified the +7 flail "Undertaker" {crush, Str+2} (You
                  | found it on level 7 of the Dungeon)
  5289 | D:7      | Reached XP level 9. HP: 75/75 MP: 8/8
  5399 | D:7      | Found a staircase to the Ecumenical Temple.
  5514 | D:7      | Killed an unseen horror
  5514 | D:7      | Reached skill level 9 in Long Blades
  5951 | D:8      | Noticed Harold
  5969 | D:8      | Killed Harold
  5969 | D:8      | Reached ***** piety under Okawaru
  6400 | D:8      | Reached skill level 10 in Long Blades
  6510 | D:8      | Reached XP level 10. HP: 84/84 MP: 9/9
  6761 | D:8      | Noticed Psyche
  6771 | D:8      | Killed Psyche
  6852 | D:8      | Found a transporter.
  6854 | D:8      | Found a transporter.
  6854 | D:8      | Noticed a cyan ugly thing
  6855 | D:8      | Found a corrupted altar of Lugonu.
  6855 | D:8      | Noticed a red ugly thing
  6858 | D:8      | Noticed a brown ugly thing
  6896 | D:8      | Noticed a cyan ugly thing
  6930 | D:8      | Reached skill level 10 in Shields
  7536 | D:9      | Reached skill level 10 in Armour
  7575 | D:9      | Received a gift from Okawaru
  7578 | D:9      | Got a pair of faintly glowing boots {god gift}
  7584 | D:9      | Identified the +0 pair of boots of Death Resistance {rPois
                  | rF- rCorr MP-9} (Okawaru gifted it to you on level 9 of the
                  | Dungeon)
  7658 | D:9      | Reached skill level 11 in Long Blades
  8148 | D:9      | Noticed a cyan ugly thing
  8155 | D:9      | Killed a cyan ugly thing
  8155 | D:9      | Reached skill level 1 in Stealth
  8373 | D:10     | Entered Level 10 of the Dungeon
  8376 | D:10     | Found a runed translucent door.
  8406 | D:10     | Noticed a four-headed hydra
  9382 | D:8      | Demolished by a red ugly thing

Skill      XL: |  1  2  3  4  5  6  7  8  9 10 |
---------------+-------------------------------+-----
Armour         | 4 5 6 7 9 10 | 10.8
Shields        | 4 5 6 7 8 9 10 | 10.6
Fighting       | 4 5 6 8 |  8.0
Long Blades    | 4 5 7 8 10 11 | 11.5
Dodging        | 1 2 |  2.9
Stealth        | 1 |  1.0

Action                   |  1- 3 |  4- 6 |  7- 9 | 10-12 || total
-------------------------+-------+-------+-------+-------++-------
Melee: Long sword        |   105 |    47 |       |       ||   152
       Headbutt          |    14 |    25 |    65 |    44 ||   148
       Falchion          |       |    56 |   221 |   172 ||   449
  Use: Potion            |       |     1 |       |     2 ||     3
       Scroll            |       |       |       |     7 ||     7
  Eat: Chunk             |     2 |     3 |     6 |     6 ||    17
       Ration            |     1 |       |     1 |     1 ||     3
Armor: Scale mail        |    12 |       |       |       ||    12
       Chain mail        |    45 |    59 |    43 |       ||   147
       Plate armour      |       |       |    55 |    83 ||   138
Dodge: Dodged            |    28 |    33 |    54 |    47 ||   162
Block: Shield            |    71 |    67 |   137 |   121 ||   396
       Rpst.: Long sword |     8 |     3 |       |       ||    11
       Falchion          |       |     6 |    11 |    20 ||    37
